 Dungeon Crawl Stone Soup version 0.29-a0-384-g6960b1960d (webtiles) character file.

Game seed: 13013928314918798762

2692 domi the Destroyer (level 9, -3/52 (57) HPs)
             Began as a Demonspawn Hedge Wizard on May 6, 2022.
             Was an Initiate of Gozag.
             Slain by a wight
             ... wielding a +4 trident
              (5 damage)
             ... on level 8 of the Dungeon.
             The game lasted 00:13:07 (7792 turns).

domi the Destroyer (Demonspawn Hedge Wizard)        Turns: 7792, Time: 00:13:07

HP:   -3/52 (57)    AC:  2    Str: 11    XL:     9   Next: 38%
MP:   1/23          EV: 12    Int: 20    God:    Gozag
Gold: 337           SH:  0    Dex: 12    Spells: 3/15 levels left

rFire   . . .      SeeInvis .   C - +4 dagger
rCold   + . .      Faith    .   (no shield)
rNeg    . . .      Spirit   .   b - +0 robe
rPois   .          Reflect  .   c - +0 hat
rElec   .          Harm     .   (no cloak)
rCorr   .          Rampage  .   (no gloves)
Will    .....                   (no boots)
Stlth   ++........              (no amulet)
HPRegen 0.17/turn               k - ring of magical power {MP+9}
MPRegen 0.18/turn               r - ring of protection from cold {rC+}

@: gold aura, drained
A: hooves 1, horns 1, spiny 1, demonic magic 1, weakness stinger 1
a: Renounce Religion, Potion Petition, Call Merchant, Bribe Branch


You were on level 8 of the Dungeon.
You worshipped Gozag.
Gozag was aware of your devotion.
You visited 2 branches of the dungeon, and saw 9 of its levels.

You collected 514 gold pieces.
You paid 177 gold pieces to Gozag.

Inventory:

Hand Weapons
 a - a +0 dagger
 C - a +4 dagger (weapon)
   (You took it off a wight on level 6 of the Dungeon)
Missiles
 g - 2 throwing nets {=f, !d=f}
 j - 5 silver javelins (quivered)
Armour
 b - a +0 robe (worn)
 c - a +0 hat (worn)
 B - a +0 pair of gloves
   (You found it on level 6 of the Dungeon)
Jewellery
 k - a ring of magical power (left hand) {MP+9}
   (You found it on level 2 of the Dungeon)
 r - a ring of protection from cold (right hand) {rC+}
   (You found it on level 4 of the Dungeon)
Wands
 E - a wand of digging (4)
   (You found it on level 7 of the Dungeon)
Scrolls
 d - a scroll of fear {unknown}
 f - 3 scrolls of teleportation {unknown}
 h - 6 scrolls of fog {unknown}
 m - 2 scrolls of immolation {unknown}
 q - a scroll of magic mapping {unknown}
 s - 2 scrolls of amnesia {unknown}
 u - 4 scrolls of vulnerability {unknown}
 w - 8 scrolls of identify {unknown}
 x - a scroll of poison {unknown}
 y - a scroll of acquirement {unknown}
 A - a scroll of enchant armour {unknown}
Potions
 e - 2 potions of resistance {unknown}
 i - a potion of ambrosia {!q}
 l - 2 potions of attraction {!q}
 n - 2 potions of lignification {unknown}
 o - 2 potions of might {unknown}
 p - 5 potions of brilliance {unknown}
 t - a potion of cancellation {unknown}
 v - 2 potions of curing {@q1}
 z - a potion of mutation {unknown}
 D - a potion of heal wounds {unknown}
 F - a potion of magic


   Skills:
 - Level 1.7 Dodging
 - Level 1.7 Stealth
 + Level 3.5 Spellcasting
 * Level 9.2 Conjurations
 - Level 5.0 Summonings
 - Level 0.8 Translocations
 * Level 5.1 Air Magic
 + Level 3.9 Poison Magic


You had 3 spell levels left.
You knew the following spells:

 Your Spells              Type           Power      Damage    Failure   Level
b - Blink                 Tloc           14%        N/A       14%         2
c - Mephitic Cloud        Conj/Pois/Air  28%        N/A       3%          3
x - Call Imp              Summ           23%        N/A       2%          2
z - Magic Dart            Conj           100%       1d8       1%          1
Z - Summon Lightning Spi  Summ/Air       23%        N/A       17%         4

Your spell library contained the following spells:

 Spells                   Type           Power      Damage    Failure   Level
 Static Discharge         Conj/Air       32%        N/A       1%          2
 Conjure Flame            Conj/Fire      22%        6-21      6%          3
 Freeze                   Ice            12%        1d4       14%         1
 Slow                     Hex            12%        N/A       14%         1
 Portal Projectile        Hex/Tloc       10%        N/A       34%         3
 Frozen Ramparts          Ice            6%         1d2       38%         3
 Iskenderun's Battlesphe  Conj           40%        2d9       9%          5
 Airstrike                Air            12%        N/A       16%         4
 Lightning Bolt           Conj/Air       16%        1d30      19%         5
 Hailstorm                Conj/Ice       22%        3d7       21%         4
 Freezing Cloud           Conj/Ice/Air   11%        6-21      45%         5
 Fireball                 Conj/Fire      11%        3d7       50%         5
 Conjure Ball Lightning   Conj/Air       16%        3x3d6     71%         6
 Orb of Destruction       Conj           20%        9d8       95%         7
 Blade Hands              Tmut           1%         N/A       98%         5
 Excruciating Wounds      Necr           1%         N/A       98%         5
 Simulacrum               Ice/Necr       1%         N/A       100%        6
 Maxwell's Capacitive Co  Air            12%        ∞         100%        8
 Polar Vortex             Ice            1%         N/A       100%        9


Dungeon Overview and Level Annotations

Branches:
Dungeon (8/15)             Temple (1/1) D:7
   Lair: D:8-11

Altars:
Ashenzari
Cheibriados
Dithmenos
Gozag
Hepliaklqana
Kikubaaqudgha
Nemelex Xobeh
Okawaru
Ru
Sif Muna
Trog
Uskayaw
Vehumet
Xom
Yredelemnul
Zin


Innate Abilities, Weirdness & Mutations

You have large cloven feet.
You have a pair of small horns on your head.
You are partially covered in sharp spines.
Spells you cast may paralyse adjacent enemies.
You have a small tail.


Message History

You now have 12/23 mp.
Aim: a wight, wielding a +1 mace and wearing a +0 robe (lightly damaged, 100% to hit)
The magic dart hits the wight but does no damage.
Malevolent energies surge around you. The wight misses you.
You now have 11/23 mp.
Aim: a wight, wielding a +1 mace and wearing a +0 robe (lightly damaged, 100% to hit)
The magic dart hits the wight but does no damage.
Malevolent energies surge around you. The wight is struck by your spines.
The wight barely misses you.
You now have 10/23 mp.
Aim: a wight, wielding a +1 mace and wearing a +0 robe (moderately damaged, 100% to hit)
The magic dart hits the wight but does no damage.
Malevolent energies surge around you. The wight barely misses you.
You now have 9/23 mp.
Aim: a wight, wielding a +1 mace and wearing a +0 robe (moderately damaged, 100% to hit)
The magic dart hits the wight.
Malevolent energies surge around you. The wight hits you with a +1 mace.
You feel drained.
You take 8 damage, and have 41/56 hp.
You now have 8/23 mp.
Aim: a wight, wielding a +1 mace and wearing a +0 robe (moderately damaged, 100% to hit)
The magic dart hits the wight but does no damage.
Malevolent energies surge around you.
The wight suddenly stops moving!
The helpless wight fails to defend itself.
You hit the wight. You headbutt the wight.
You tail-slap the wight, but do no damage.
The helpless wight fails to defend itself.
You hit the wight. You kick the wight.
A wight comes into view. It is wielding a +0 mace.
The helpless wight fails to defend itself.
You hit the wight. You kick the wight, but do no damage.
The helpless wight fails to defend itself.
You hit the wight.
You destroy the wight!
Your life force feels restored.
Aim: a wight, wielding a +0 mace and wearing a +0 robe (100% to hit)
The magic dart hits the wight.
Malevolent energies surge around you.
The wight suddenly stops moving!
The helpless wight fails to defend itself.
You puncture the wight! You kick the wight, but do no damage.
The helpless wight fails to defend itself.
You hit the wight. You headbutt the wight.
You destroy the wight!
You start resting.
A wight comes into view. It is wielding a +5 great sword.
Aim: a wight, wielding a +5 great sword and wearing a +0 robe (wandering, hasn't noticed you, 100% to hit)
The magic dart hits the wight.
Malevolent energies surge around you.
A wight comes into view. It is wielding a +4 trident.
You now have 7/23 mp.
Aim: a wight, wielding a +5 great sword and wearing a +0 robe (lightly damaged, 100% to hit)
The magic dart hits the wight but does no damage.
Malevolent energies surge around you.
You now have 6/23 mp.
Aim: a wight, wielding a +5 great sword and wearing a +0 robe (lightly damaged, 100% to hit)
The magic dart hits the wight but does no damage.
Malevolent energies surge around you.
Aim: a wight, wielding a +5 great sword and wearing a +0 robe (lightly damaged, 100% to hit)
The magic dart hits the wight.
Malevolent energies surge around you. The wight is struck by your spines.
The wight closely misses you.
You now have 5/23 mp.
Aim: a wight, wielding a +5 great sword and wearing a +0 robe (heavily damaged, 100% to hit)
The magic dart hits the wight!
You destroy the wight!
Malevolent energies surge around you.
The wight hits you from afar with a +4 trident.
You take 5 damage, and have 39/57 hp.
You now have 4/23 mp.
Aim: a wight, wielding a +4 trident and wearing a +0 robe (100% to hit)
The magic dart hits the wight but does no damage.
Malevolent energies surge around you.
The wight hits you from afar with a +4 trident!
You feel drained.
You take 15 damage, and have 24/55 hp.
MASSIVE DAMAGE!!
You now have 3/23 mp.
The wight closely misses you.
Aim: a wight, wielding a +4 trident and wearing a +0 robe (100% to hit)
The magic dart hits the wight but does no damage.
Malevolent energies surge around you. The wight closely misses you.
Aim: a wight, wielding a +4 trident and wearing a +0 robe (100% to hit)
The magic dart hits the wight but does no damage.
Malevolent energies surge around you.
The wight suddenly stops moving!
You now have 2/23 mp.
The helpless wight fails to defend itself.
You hit the wight. You kick the wight, but do no damage.
You headbutt the wight, but do no damage.
The helpless wight fails to defend itself.
You hit the wight but do no damage. You kick the wight, but do no damage.
The wight is no longer paralysed.
The wight is struck by your spines. The wight hits you with a +4 trident!
* * * LOW HITPOINT WARNING * * *
You take 9 damage, and have 16/55 hp.
You closely miss the wight. You kick the wight.
You headbutt the wight, but do no damage.
The wight is struck by your spines. The wight closely misses you.
Aim: a wight, wielding a +4 trident and wearing a +0 robe (severely damaged, 100% to hit)
The magic dart hits the wight.
Malevolent energies surge around you. The wight hits you with a +4 trident!
* * * LOW HITPOINT WARNING * * *
You feel drained.
You die...
Your body crumbles into a pile of gold.

.##.... #
## .......
# #....##
# #....<#
# #.....##
# +......#
# #......#
....###z.#
.... #@$#
.?. #..#
.. #..#
#..# #...
#..## #.##
.$# ##


You could see a wight.

Vanquished Creatures
  A manticore (D:8)
  A steam dragon (D:7)
  2 black bears
  An ice beast (D:6)
  A centaur (D:7)
  4 phantoms
  2 bullfrogs
  A scorpion (D:5)
  11 wights
  2 howler monkeys (D:7)
  2 orc priests (D:5)
  A gnoll shaman (D:7)
  A hound (D:5)
  A jelly (D:6)
  4 iguanas
  Natasha (thrice) (D:3)
  An orc wizard (D:5)
  Robin (D:4)
  6 adders
  6 gnolls
  A white imp (D:7)
  2 ufetubi (D:6)
  2 worms
  2 dart slugs
  11 orcs
  5 bats
  8 endoplasms
  3 giant cockroaches
  13 goblins
  9 hobgoblins
  2 jackals (D:1)
  5 quokkas
  8 ball pythons
  3 frilled lizards
  5 kobolds
  2 rats
133 creatures vanquished.

Vanquished Creatures (collateral kills)
  A sky beast (D:7)
  An iguana (D:2)
2 creatures vanquished.

Vanquished Creatures (others)
  10 plants (D:2)
10 creatures vanquished.

Grand Total: 145 creatures vanquished

Notes
Turn   | Place    | Note
-------+----------+-------------------------------------------
     0 | D:1      | domi the Demonspawn Hedge Wizard began the quest for the
                  | Orb.
     0 | D:1      | Reached XP level 1. HP: 13/13 MP: 4/4
   170 | D:1      | Reached skill level 2 in Conjurations
   225 | D:1      | Gained mutation: You are partially covered in sharp spines.
                  | [demonic ancestry]
   225 | D:1      | Reached XP level 2. HP: 19/19 MP: 3/6
   905 | D:1      | Reached skill level 3 in Conjurations
   968 | D:1      | Reached XP level 3. HP: 24/24 MP: 4/7
   971 | D:1      | Learned a level 2 spell: Call Imp
   974 | D:1      | Learned a level 2 spell: Blink
   978 | D:1      | Learned a level 3 spell: Mephitic Cloud
  1790 | D:2      | Discovered your monstrous ancestry.
  1790 | D:2      | Gained mutation: You have large cloven feet. [demonic
                  | ancestry]
  1790 | D:2      | Reached XP level 4. HP: 15/30 MP: 8/8
  1793 | D:2      | Reached skill level 4 in Conjurations
  2621 | D:3      | Reached skill level 5 in Conjurations
  2621 | D:3      | Gained mutation: You have a small tail. [demonic ancestry]
  2621 | D:3      | Reached XP level 5. HP: 35/35 MP: 9/9
  2933 | D:3      | Noticed Natasha
  2937 | D:3      | Killed Natasha
  3040 | D:3      | Noticed Natasha
  3044 | D:3      | Killed Natasha
  3045 | D:3      | Reached skill level 2 in Summonings
  3121 | D:3      | Noticed Natasha
  3126 | D:3      | Killed Natasha
  3270 | D:4      | Found a sacrificial altar of Ru.
  3632 | D:4      | Gained mutation: You have a pair of small horns on your
                  | head. [demonic ancestry]
  3632 | D:4      | Reached XP level 6. HP: 39/41 MP: 8/10
  3986 | D:4      | Noticed Robin
  4000 | D:4      | Killed Robin
  4289 | D:5      | Entered Level 5 of the Dungeon
  4302 | D:5      | Reached skill level 3 in Summonings
  4462 | D:5      | Reached skill level 6 in Conjurations
  4703 | D:5      | Gained mutation: Spells you cast may paralyse adjacent
                  | enemies. [demonic ancestry]
  4703 | D:5      | Reached XP level 7. HP: 41/46 MP: 11/11
  4705 | D:5      | Reached skill level 4 in Summonings
  4718 | D:5      | HP: 11/46 [black bear (3)]
  4722 | D:5      | HP: 3/46 [black bear (4)]
  4740 | D:5      | Reached skill level 7 in Conjurations
  5000 | D:5      | Learned a level 4 spell: Summon Lightning Spire
  5044 | D:5      | Reached skill level 5 in Summonings
  5752 | D:6      | You fall into a shaft and drop 2 floors!
  5779 | D:7      | Reached skill level 1 in Air Magic
  5817 | D:6      | Reached skill level 1 in Poison Magic
  5817 | D:6      | Reached XP level 8. HP: 52/52 MP: 12/12
  5868 | D:6      | Reached skill level 2 in Air Magic
  6399 | D:6      | Reached skill level 2 in Poison Magic
  6523 | D:6      | Found a shimmering blue altar of Sif Muna.
  6531 | D:6      | Reached skill level 8 in Conjurations
  6531 | D:6      | Reached skill level 3 in Air Magic
  6738 | D:7      | HP: 12/52 [gnoll/+0 whip[a gnoll shaman] (7)]
  6901 | D:7      | Reached skill level 4 in Air Magic
  6901 | D:7      | Reached skill level 3 in Poison Magic
  7123 | D:7      | Found a staircase to the Ecumenical Temple.
  7132 | Temple   | Entered the Ecumenical Temple
  7136 | Temple   | Reached XP level 9. HP: 57/57 MP: 13/13
  7366 | Temple   | Became a worshipper of Gozag Ym Sagoz the Greedy
  7743 | D:8      | Noticed a manticore
  7756 | D:8      | Killed a manticore
  7757 | D:8      | Reached skill level 9 in Conjurations
  7757 | D:8      | Reached skill level 5 in Air Magic
  7792 | D:8      | HP: 2/55 [wight/+4 trident (15)]
  7792 | D:8      | Slain by a wight

Illustrated notes

Levels and vault maps discovered:
D:1:      tarquinn_simple_flora_water_e, layout_basic
D:2:      layout_rooms, serial_forest, infiniplex_forest_end_double,
          infiniplex_forest_clump_long, infiniplex_forest_fountain,
          infiniplex_forest_corner_1, infiniplex_forest_corner_2,
          infiniplex_forest_clump_diagonal, infiniplex_forest_end_1,
          infiniplex_forest_straight_5, infiniplex_forest_clump_large
D:3:      layout_rooms, uniq_natasha
D:4:      layout_basic, mainiacjoe_overflow_catwalk, uniq_robin
D:5:      layout_basic, grunt_ministairs_13, minmay_increasing_density
D:6:      layout_rooms, mainiacjoe_overflow_big_doors
D:7:      layout_rooms, minmay_temple_entry_mini_moons
D:8:      layout_basic, mainiacjoe_overflow_alcove_3, uniq_gastronok
Temple:   nicolae_temple_figure_eight

Skill      XL: |  1  2  3  4  5  6  7  8  9 |
---------------+----------------------------+-----
Conjurations   | 2 3 5 6 7 8 9 |  9.2
Summonings     | 2 3 5 |  5.0
Air Magic      | 1 4 5 |  5.1
Poison Magic   | 1 3 |  3.9
Dodging        | |  1.7
Stealth        | |  1.7
Spellcasting   | |  3.5
Translocations | |  0.8

Action                   |  1- 3 |  4- 6 |  7- 9 || total
-------------------------+-------+-------+-------++-------
Melee: Dagger            |    15 |     8 |    37 ||    60
       Punch             |     1 |       |       ||     1
       Kick              |       |     2 |    20 ||    22
       Headbutt          |       |       |    11 ||    11
       Tailslap          |       |       |     5 ||     5
 Cast: Magic Dart        |    88 |   170 |   176 ||   434
       Call Imp          |     2 |       |     1 ||     3
       Mephitic Cloud    |       |     4 |     5 ||     9
       Blink             |       |       |     1 ||     1
  Use: Potion            |       |       |     5 ||     5
 Stab: Confused          |       |     1 |       ||     1
       Sleeping          |       |     1 |       ||     1
       Paralysed         |       |       |    27 ||    27
Armor: Robe              |     2 |     4 |     5 ||    11
Dodge: Dodged            |    13 |    22 |    34 ||    69

Table legend: (Time is in decaauts)
 A = Elapsed time spent in this place.
 B = Non-inter-level travel time spent in this place.
 C = Inter-level travel time spent in this place.
 D = Time resting spent in this place.
 E = Time spent auto-exploring this place.
 F = Levels seen in this place.
 G = Mean time per level.
                   A        B        C        D        E       F      G
               +--------+--------+--------+--------+--------+-----+--------+
         Total |   7793 |   7523 |    270 |    844 |   5770 |   9 |  865.9 |
       Dungeon |   7538 |   7309 |    229 |    844 |   5566 |   8 |  942.2 |
        Temple |    254 |    213 |     41 |      0 |    204 |   1 |  254.0 |
               +--------+--------+--------+--------+--------+-----+--------+

Top non-repeatable levels by time:
     D:5: 1441 daAuts
     D:2: 1312 daAuts
     D:1: 1213 daAuts
     D:4: 1044 daAuts
     D:7: 882 daAuts
     D:6: 853 daAuts
     D:3: 717 daAuts
  Temple: 254 daAuts
     D:8: 72 daAuts

Table legend:
 A = Kills in this place as a percentage of kills in entire the game.
 B = Kills by you in this place as a percentage of kills by you in the entire game.
 C = Kills by friends in this place as a percentage of kills by friends in the entire game.
 D = Other kills in this place as a percentage of other kills in the entire game.
 E = Experience gained in this place as a percentage of experience gained in the entire game.
 F = Experience gained in this place divided by the number of levels of this place that you have seen.
                   A       B       C       D       E      F
               +-------+-------+-------+-------+-------+----------------------
         Total | 100.0 | 100.0 | 100.0 | 100.0 | 100.0 | 427.4
       Dungeon |  99.3 |  99.2 | 100.0 | 100.0 |  98.1 | 471.6
        Temple |   0.7 |   0.8 |   0.0 |   0.0 |   1.9 |  74.0
               +-------+-------+-------+-------+-------+----------------------
